 Dungeon Crawl Stone Soup version 0.29-a0-393-g47a863cc1b (webtiles) character file.

Game seed: 7897968881087968828

284 rocky1 the Chiller (level 6, -14/36 (41) HPs)
             Began as a Human Ice Elementalist on May 10, 2022.
             Demolished by an orc warrior
             ... wielding a +0 battleaxe
              (24 damage)
             ... on level 4 of the Dungeon.
             The game lasted 00:11:46 (3005 turns).

rocky1 the Chiller (Human Ice Elementalist)         Turns: 3005, Time: 00:11:47

HP:   -14/36 (41)   AC:  8    Str:  8    XL:     6   Next: 55%
MP:   2/10          EV: 11    Int: 18    God:
Gold: 143           SH:  0    Dex: 15    Spells: 0/11 levels left

rFire   . . .      SeeInvis .   u - +2 dagger (venom)
rCold   . . .      Faith    .   (no shield)
rNeg    + . .      Spirit   .   r - +3 leather armour of the Old World {rN+ Dex+2}
rPois   .          Reflect  .   (no helmet)
rElec   .          Harm     .   d - +0 cloak
rCorr   .          Rampage  .   (no gloves)
Will    .....                   n - +0 pair of boots
Stlth   ++........              (no amulet)
HPRegen 0.12/turn               (no ring)
MPRegen 0.12/turn               (no ring)

@: very slightly contaminated, heavily drained
A: no striking features
a: no special abilities


You were on level 4 of the Dungeon.
You visited 1 branch of the dungeon, and saw 3 of its levels.

You collected 143 gold pieces.

Inventory:

Hand Weapons
 u - a +2 dagger of venom (weapon)
Missiles
 i - 83 stones
Armour
 d - a +0 cloak (worn)
 n - a +0 pair of boots (worn)
 r - the +3 leather armour of the Old World (worn) {rN+ Dex+2}
   (You found it on level 2 of the Dungeon)

   Dex:       It affects your dexterity (+2).
   rN:        It protects you from negative energy.
Scrolls
 f - a scroll of magic mapping {unknown}
 k - 2 scrolls of fear {unknown}
 l - 5 scrolls of enchant armour {unknown}
 m - 3 scrolls of teleportation
 o - a scroll of poison {unknown}
 s - a scroll of amnesia {unknown}
Potions
 c - a potion of curing {unknown}
 e - a potion of brilliance {unknown}
 g - a potion of heal wounds {unknown}
 h - 2 potions of might {unknown}
 j - 2 potions of mutation {unknown}
 t - a potion of degeneration {unknown}


   Skills:
 - Level 2.0 Dodging
 - Level 2.0 Stealth
 + Level 3.3 Spellcasting
 * Level 5.9 Ice Magic
 + Level 2.7 Earth Magic


You couldn't memorise any spells.
You knew the following spells:

 Your Spells              Type           Power      Damage    Failure   Level
a - Freeze                Ice            96%        1d11      1%          1
b - Frozen Ramparts       Ice            48%        1d6       6%          3
c - Ozocubu's Armour      Ice            24%        N/A       6%          3
d - Ensorcelled Hibernat  Hex/Ice        26%        N/A       11%         2
e - Passwall              Tmut/Erth      5%         N/A       21%         2

Your spell library contained the following spells:

 Spells                   Type           Power      Damage    Failure   Level
 Swiftness                Air            2%         N/A       56%         3
 Hailstorm                Conj/Ice       13%        3d5       56%         4
 Lee's Rapid Deconstruct  Erth           6%         3d7*      90%         5
 Fulminant Prism          Conj/Hex       1%         3d6       93%         4
 Iskenderun's Mystic Bla  Conj/Tloc      2%         2d3       93%         4


Dungeon Overview and Level Annotations

Branches:
Dungeon (2/15)

Altars:

Shops:
D:2 (:

Annotations:
D:4 1 runed translucent door, b0nj0m0n's ghost, novice OgAE


Message History

Items here: )))) †.
The necrophage attacks as you move away!
The necrophage closely misses you.
The necrophage attacks as you move away!
The necrophage hits you.
The necrophage attacks as you move away!
The necrophage hits you. You partially resist.
You feel drained.
The necrophage attacks as you move away!
The necrophage hits you. You partially resist.
You feel drained.
There is an open door here.
The necrophage attacks as you move away!
The necrophage hits you.
* * * LOW HITPOINT WARNING * * *
Casting: Freeze (safe; 1% risk of failure)
Confirm with . or Enter, or press ? or * to list all spells.
Okay, then.
Casting: Freeze (safe; 1% risk of failure)
Confirm with . or Enter, or press ? or * to list all spells.
Aiming: Passwall (safe; 21% risk of failure)
Press: ? - help, Dir - move target, p - necrophage You can't see that place.
This rock feels extremely deep.
The necrophage barely misses you.
Casting: Passwall (safe; 21% risk of failure)
Confirm with . or Enter, or press ? or * to list all spells.
Aiming: Passwall (safe; 21% risk of failure)
Press: ? - help, Dir - move target A rock wall.
You miscast Passwall.
You are very lightly contaminated with residual magic.
Nothing appears to happen.
The necrophage hits you.
* * * LOW HITPOINT WARNING * * *
You partially resist.
You feel drained.
Casting: Passwall (safe; 21% risk of failure)
Confirm with . or Enter, or press ? or * to list all spells.
Okay, then.
As you read the scroll of summoning, it crumbles to dust.
Wisps of shadow whirl around you...
The orc warrior hits you with a +0 battleaxe!!
Ouch! That really hurt!
You die...

#....#
#.....#.....#
#....#
#.....#.>...#
#....#
######.....#.....#
#....#
#....#.....#.....#
##.♣P.#
#...o#.....#.....#
..P≈≈.#
#.o..#.....#.....#
...≈♣P#
#o...#.....#.....#
..≈≈≈.#
#..r.#.....#.....#
......#
#@...#######.....#
......#
#no..............#
......#
##J##............#
......#
#...#............'
......#
#...#............#
......#######
#...#.......######
............#
#...#########
............#
#...#
............#
#...#


You could see an orc warrior, a necrophage (ally target), a friendly jelly
(summoned), a friendly orc priest (summoned, wandering), 2 friendly orcs and a
friendly quokka (summoned).

Vanquished Creatures
  2 orc priests (D:4)
  4 hounds (D:4)
  An iguana (D:4)
  4 gnolls (D:4)
  A worm (D:2)
  A dart slug (D:4)
  3 orcs (D:4)
  6 endoplasms
  A giant cockroach (D:1)
  A goblin (D:2)
  3 hobgoblins
  A quokka (D:4)
  2 ball pythons (D:1)
  3 bats
  A frilled lizard (D:2)
  3 kobolds
  3 rats (D:2)
40 creatures vanquished.

Vanquished Creatures (others)
  4 plants (D:4)
4 creatures vanquished.

Grand Total: 44 creatures vanquished

Notes
Turn   | Place    | Note
-------+----------+-------------------------------------------
     0 | D:1      | rocky1 the Human Ice Elementalist began the quest for the
                  | Orb.
     0 | D:1      | Reached XP level 1. HP: 13/13 MP: 3/3
   432 | D:1      | Reached XP level 2. HP: 19/19 MP: 0/5
   715 | D:1      | Found a faded altar of an unknown god.
  1113 | D:2      | Learned a level 2 spell: Passwall
  1771 | D:2      | Reached XP level 3. HP: 24/24 MP: 6/6
  1800 | D:2      | Found Oniowar's Antique Weapon Shoppe.
  1829 | D:2      | Identified the +3 leather armour of the Old World {rN+
                  | Dex+2}
  1924 | D:2      | Found Lug Ciax's Book Emporium.
  1949 | D:2      | You fall into a shaft and drop 2 floors!
  1994 | D:4      | Found a runed translucent door.
  1994 | D:4      | Noticed b0nj0m0n's ghost (novice OgAE)
  2041 | D:4      | Reached skill level 1 in Earth Magic
  2041 | D:4      | Reached XP level 4. HP: 30/30 MP: 3/7
  2047 | D:4      | Reached skill level 5 in Ice Magic
  2111 | D:4      | Learned a level 3 spell: Frozen Ramparts
  2114 | D:4      | Learned a level 2 spell: Ensorcelled Hibernation
  2277 | D:4      | Reached XP level 5. HP: 30/35 MP: 2/9
  2717 | D:4      | Reached XP level 6. HP: 35/41 MP: 5/10
  2912 | D:4      | Noticed an orc warrior
  2967 | D:4      | Learned a level 3 spell: Ozocubu's Armour
  3005 | D:4      | Demolished by an orc warrior

Illustrated notes

Levels and vault maps discovered:
D:1:      sevenhm_arrival_forest_fort_small_4, layout_rooms,
          hellmonk_ecumenical_altar_lost_god
D:2:      layout_loops_ring, serial_shops, shop, nicolae_shop_hallway_stairs,
          nicolae_shop_statue_plus
D:4:      layout_gridville, gammafunk_ghost_grave, serial_bayou,
          serial_bayou_pond_e, serial_bayou_shore_b, serial_bayou_pond_e,
          serial_bayou_pond_d

Skill      XL: |  1  2  3  4  5 |
---------------+----------------+-----
Earth Magic    | 1 2 |  2.7
Ice Magic      | 5 |  5.9
Spellcasting   | 3 |  3.3
Dodging        | |  2.0
Stealth        | |  2.0

Action                   |  1- 3 |  4- 6 || total
-------------------------+-------+-------++-------
Melee: Unarmed           |    10 |       ||    10
       Whip              |    28 |     3 ||    31
       Dagger            |       |     6 ||     6
 Cast: Freeze            |    32 |    37 ||    69
       Frozen Ramparts   |       |     4 ||     4
       Ozocubu's Armour  |       |     1 ||     1
       Passwall          |       |     1 ||     1
  Use: Scroll            |       |     3 ||     3
       Potion            |       |     1 ||     1
 Stab: Sleeping          |     1 |       ||     1
Armor: Robe              |    11 |       ||    11
       Leather armour    |    19 |    18 ||    37
Dodge: Dodged            |    39 |    30 ||    69

Table legend: (Time is in decaauts)
 A = Elapsed time spent in this place.
 B = Non-inter-level travel time spent in this place.
 C = Inter-level travel time spent in this place.
 D = Time resting spent in this place.
 E = Time spent auto-exploring this place.
 F = Levels seen in this place.
 G = Mean time per level.
                   A        B        C        D        E       F      G
               +--------+--------+--------+--------+--------+-----+--------+
         Total |   3015 |   2988 |     27 |   1402 |    953 |   3 | 1005.0 |
       Dungeon |   3015 |   2988 |     27 |   1402 |    953 |   3 | 1005.0 |
               +--------+--------+--------+--------+--------+-----+--------+

Top non-repeatable levels by time:
     D:2: 1088 daAuts
     D:4: 1057 daAuts
     D:1: 869 daAuts
